 Dungeon Crawl Stone Soup version 0.13-a0-1585-g6f4f798 (webtiles) character file.

319 Kae the Chiller (level 5, -8/38 HPs)
             Began as a Draconian Ice Elementalist on June 12, 2013.
             Mangled by an orc
             ... wielding a -1,+2 orcish short sword of distortion
              (20 damage)
             ... on Level 4 of the Dungeon.
             The game lasted 00:08:49 (4496 turns).

Kae the Chiller (Draconian Ice Elementalist)        Turns: 4496, Time: 00:08:50

HP  -8/38        AC  5     Str 11      XL: 5   Next: 14%
MP   6/9         EV 12     Int 16      God:
Gold 163         SH  0     Dex 11      Spells:  3 memorised,  1 level left

Res.Fire  : . . .   See Invis. : .   f - +2,-3 elf whip
Res.Cold  : . . .   Warding    : .   (armour unavailable)
Life Prot.: + . .   Conserve   : .   (no shield)
Res.Poison: .       Res.Corr.  : .   (helmet restricted)
Res.Elec. : .       Clarity    : .   (no cloak)
Sust.Abil.: . .     Spirit.Shd : .   (no gloves)
Res.Mut.  : .       Stasis     : +   (no boots)
Res.Rott. : .       Flight     : .   k - amulet of stasis
Saprovore : . . .                    r - ring of life protection
                                     a - ring of sustenance

@: slightly resistant to hostile enchantments, unstealthy
A: unfitting armour, AC +5
a: no special abilities


You were on level 4 of the Dungeon.
You were not hungry.

You visited 1 branch of the dungeon, and saw 4 of its levels.

You collected 143 gold pieces.

Inventory:

Hand weapons
 f - a +2,-3 elven whip (weapon)
Magical devices
 t - a wand of slowing (8)
Comestibles
 c - 3 bread rations
 d - 3 apples
 m - a beef jerky
 p - 2 meat rations
 q - a lemon
 v - a choko
Scrolls
 g - a scroll of remove curse
Jewellery
 a - a ring of sustenance (left hand)
 k - an amulet of stasis (around neck)
 r - a ring of life protection (right hand)
Potions
 j - a potion of cure mutation
 l - 2 potions of agility
 n - 2 potions of restore abilities
Books
 b - a book of Frost

   Spells                             Type                      Level
   *Freeze                            Ice                          1
   *Throw Frost                       Conjuration/Ice              2
   *Ozocubu's Armour                  Charms/Ice                   3
   Throw Icicle                       Conjuration/Ice              4
   Summon Ice Beast                   Ice/Summoning                4
   Condensation Shield                Ice                          4


   Skills:
 - Level 1.7 Dodging
 - Level 1.7 Stealth
 - Level 1.8 Spellcasting
 * Level 3.4 Conjurations
 + Level 4.3 Ice Magic


You had one spell level left.
You knew the following spells:

 Your Spells              Type           Power        Failure   Level  Hunger
a - Freeze                Ice            ###.         4%          1    ##.....
b - Throw Frost           Conj/Ice       ##....       10%         2    ###....
c - Ozocubu's Armour      Chrm/Ice       #.........   28%         3    ####...


Dungeon Overview and Level Annotations

Branches:
Dungeon (4/27)
 Temple: D:4-7

Altars:
Cheibriados
Fedhas


Message History

There is a stone staircase leading up here.
Unknown command.
Casting: Freeze
Confirm with . or Enter, or press ? or * to list all spells.
Aiming: Freeze
Press: ? - help, Shift-Dir - straight line, f - goblin
Aim: a goblin, wielding a club You freeze the goblin.
You kill the goblin!
The orc barely misses you.
Casting: Freeze
Confirm with . or Enter, or press ? or * to list all spells.
Aiming: Freeze
Press: ? - help, Shift-Dir - straight line, f - orc
Aim: an orc, wielding an orcish short sword of distortion and wearing an orcish leather armour You freeze the orc.
The orc is heavily wounded.
The orc hits you but does no damage. Space warps horribly around you!
Ouch! That really hurt!
You die...

...............##
................##
.................#
.................#
(................#
.(...............#
##...............#
#.............)<#
#..............@#
#..............o#
##...............#
.................#
.................#
....(............#
.................#
...(........(...##
...............##


You could see an orc.

Vanquished Creatures
  A worker ant (D:4)
  Terence (D:2)
  2 adders (D:3)
  A worm (D:3)
  3 giant geckos
  2 orcs
  A ball python (D:1)
  5 bats
  9 giant cockroaches
  16 hobgoblins
  5 jackals
  12 kobolds
  4 giant newts
  8 goblins
  10 rats
80 creatures vanquished.

Vanquished Creatures (others)
  A giant newt (D:1)
  A goblin (D:3)
2 creatures vanquished.

Grand Total: 82 creatures vanquished

Notes
Turn   | Place    | Note
--------------------------------------------------------------
     0 | D:1      | Kae, the Draconian Ice Elementalist, began the quest for the Orb.
     0 | D:1      | Reached XP level 1. HP: 14/14 MP: 3/3
   409 | D:1      | Reached XP level 2. HP: 15/20 MP: 4/4
   413 | D:1      | Learned a level 2 spell: Throw Frost
  1023 | D:1      | Reached XP level 3. HP: 26/26 MP: 6/6
  1627 | D:2      | Noticed Terence
  1646 | D:2      | Killed Terence
  2158 | D:2      | Found a snail-covered altar of Cheibriados.
  2171 | D:2      | Reached skill level 4 in Ice Magic
  2248 | D:2      | Reached XP level 4. HP: 33/33 MP: 7/7
  2358 | D:2      | Found a blossoming altar of Fedhas.
  3236 | D:4      | Reached XP level 5. HP: 12/38 MP: 1/9
  3610 | D:4      | Noticed a phantom
  3628 | D:3      | Learned a level 3 spell: Ozocubu's Armour
  4496 | D:4      | Mangled by an orc

Action                   |  1- 3 |  4- 6 || total
-------------------------+-------+-------++-------
Melee: Unarmed           |    34 |       ||    34
       Whip              |    87 |    96 ||   183
 Cast: Freeze            |    49 |    56 ||   105
       Ozocubu's Armour  |       |     1 ||     1
Evoke: Wand              |       |     1 ||     1
  Use: Scroll            |       |    18 ||    18
       Potion            |       |     2 ||     2
 Stab: Sleeping          |     1 |     3 ||     4
